 Dungeon Crawl Stone Soup version 0.19-a0-1891-ge1d1fe8 (webtiles) character file.

52 Promi the Digger (level 3, -1/27 HPs)
             Began as a Demigod Earth Elementalist on Oct 18, 2016.
             Slain by a quokka (3 damage)
             ... on level 2 of the Dungeon.
             The game lasted 00:04:43 (2068 turns).

Promi the Digger (Demigod Earth Elementalist)       Turns: 2068, Time: 00:04:43

Health: -1/27      AC:  2    Str: 11    XL:     3   Next: 39%
Magic:  4/9        EV: 13    Int: 21    God:
Gold:   110        SH:  0    Dex: 16    Spells: 3 memorised, 0 levels left

rFire  . . .     SeeInvis .     j - +0 short sword
rCold  . . .     Gourm    .     c - +0 robe
rNeg   . . .     Faith    .     (no shield)
rPois  .         Spirit   .     (no helmet)
rElec  .         Reflect  .     (no cloak)
rCorr  .         Harm     .     (no gloves)
MR     .....                    (no boots)
Stlth  ++........               (no amulet)
                                (no ring)
                                (no ring)

@: no status effects
A: high mp 1
a: no special abilities


You were on level 2 of the Dungeon.
You were not hungry.

You visited 1 branch of the dungeon, and saw 2 of its levels.

You collected 110 gold pieces.

Inventory:

Hand Weapons
 j - a +0 short sword (weapon)
Missiles
 b - 57 stones (quivered)
Armour
 c - a +0 robe (worn)
Jewellery
 k - a +5 amulet of reflection {unknown}
Scrolls
 f - a scroll of teleportation {unknown}
 g - a scroll of blinking {unknown}
 i - 2 scrolls of remove curse {unknown}
Potions
 a - 3 potions of heal wounds {unknown}
 h - a potion of berserk rage {unknown}
Books
 e - a book of Geomancy

   Spells                             Type                      Level
   a - Sandblast                      Earth                        1
   b - Passwall                       Transmutation/Earth          2
   c - Stone Arrow                    Conjuration/Earth            3
   d - Petrify                        Transmutation/Earth          4
   e - Lee's Rapid Deconstruction     Earth                        5
Comestibles
 d - 2 bread rations
 l - 10 chunks of flesh
 m - a slice of pizza


   Skills:
 + Level 0.3 Fighting
 + Level 2.1 Dodging
 + Level 2.6 Stealth
 + Level 2.4 Spellcasting
 - Level 0.8 Transmutations
 + Level 2.9 Earth Magic


You couldn't memorise any spells.
You knew the following spells:

 Your Spells              Type           Power        Failure   Level  Hunger
a - Sandblast             Erth           ##....       4%          1    None
b - Passwall              Tmut/Erth      ##........   12%         2    ##.....
c - Stone Arrow           Conj/Erth      #.....       24%         3    ###....


Dungeon Overview and Level Annotations

Branches:
Dungeon (2/15)


Innate Abilities, Weirdness & Mutations

You have an increased reservoir of magic. (+10% MP)


Message History

Casting: Sandblast
Confirm with . or Enter, or press ? or * to list all spells.
Aiming: Sandblast
Press: ? - help, Shift-Dir - straight line, f/p - adder
Aim: an adder (severely wounded)
The blast of sand misses the adder.
The adder bites you. The quokka barely misses you.
Casting: Sandblast
Confirm with . or Enter, or press ? or * to list all spells.
Aiming: Sandblast
Press: ? - help, Shift-Dir - straight line, f/p - adder
Aim: an adder (severely wounded)
The blast of sand misses the adder.
The adder bites you.
* * * LOW HITPOINT WARNING * * *
The quokka bites you.
* * * LOW HITPOINT WARNING * * *
The adder closely misses you.
The quokka bites you but does no damage.
The quokka bites you.
You die...

........# #.#.....#
........#.# ....#.##.#
########## ...##...##
#.#.......#
#.....##.###.##.......#
#####.....#.###!..≈?..#
#####.....#.S§≈≈..#
#.#..##.@r§†..#
#<#..##.......#
#.#..##.....!.#
#.#..#####'#### #.#...#
#..# #....)# #.##
###...# #.#
#.#####.######
#............#


You could see an adder and a quokka.

Vanquished Creatures
  An ooze (D:1)
  A dart slug (D:2)
  4 leopard geckos (D:1)
  2 goblins
  5 hobgoblins
  5 jackals
  A ball python (D:1)
  5 bats
  5 frilled lizards (D:1)
  8 kobolds
  A rat (D:1)
38 creatures vanquished.

Notes
Turn   | Place    | Note
-------+----------+-------------------------------------------
     0 | D:1      | Promi the Demigod Earth Elementalist began the quest for the Orb.
     0 | D:1      | Reached XP level 1. HP: 14/14 MP: 5/5
   426 | D:1      | Reached XP level 2. HP: 20/20 MP: 0/7
   496 | D:1      | Learned a level 2 spell: Passwall
  1326 | D:1      | Reached XP level 3. HP: 22/26 MP: 9/9
  1375 | D:1      | Learned a level 3 spell: Stone Arrow
  2067 | D:2      | HP: 1/27 [quokka (5)]
  2068 | D:2      | Slain by a quokka

Vault maps used:
D:1:      noname_arrival_rooms_in_the_neighbourhood
D:2:      kennysheep_generic_room_8

Skill      XL: |  1  2  3 |
---------------+----------+-----
Spellcasting   | 2 |  2.4
Stealth        | 2 |  2.6
Dodging        | 2 |  2.1
Fighting       | |  0.3
Transmutations | |  0.8
Earth Magic    | |  2.9

Action                   || total
-------------------------++-------
Melee: Short sword       ||    76
Throw: Stone             ||     3
 Cast: Sandblast         ||    39
       Stone Arrow       ||     1
 Stab: Sleeping          ||     3
       Distracted        ||     1
  Eat: Chunk             ||     4
Armor: Robe              ||    33
Dodge: Dodged            ||   106
